Map: New Repugnancy LE

Players

Bunny

  • Race: Terran Terran
  • Spawn Location: 1:00

Scarlett - Winner!

  • Race: Zerg Zerg
  • Spawn Location: 7:00

Event: IEM Season 13: Katowice (2019)

VOD

Have the link to the VOD?

Description

Time

  • Played on: March 1, 2019, 3:12 p.m.
  • Length: 10:40

All games in this series

Show
View Real Time Build Order
Export as new Build Order

Bunny Terran 

Build Orders: Liberator Opening, Reaper Expand 

Get SALT Encoding   

  12  0:00  SCV  
  13  0:12  SCV  
  14  0:17  Supply Depot  
  14  0:24  SCV  
  15  0:38  SCV  
  15  0:40  Barracks  
  16  0:44  Refinery  
  16  0:50  SCV  
  17  1:02  SCV  
  18  1:15  SCV  
  19  1:27  Reaper, Orbital Command  
  20  1:39  Command Center  
  20  1:51  Supply Depot  
  20  1:52  SCV  
  21  1:59  Marine  
  22  2:04  SCV  
  22  2:07  Factory  
  23  2:12  Refinery  
  23  2:16  SCV  
  23  2:21  Barracks Reactor  
  24  2:28  SCV  
  25  2:40  SCV  
  26  2:51  Orbital Command  
  26  2:52  Starport, SCV  
  27  3:04  SCV, Hellion x2  
  32  3:07  Marine  
  32  3:11  Liberator  
  33  3:16  SCV  
  33  3:17  SCV  
  35  3:25  Supply Depot  
  35  3:26  Hellion x2  
  39  3:29  SCV x2  
  44  3:41  SCV  
  44  3:42  SCV  
  44  3:47  Hellion x2  
  50  3:53  SCV  
  50  3:54  SCV  
  52  3:56  Barracks Tech Lab  
  52  3:57  Supply Depot  
  52  4:08  Command Center  
  52  4:10  SCV x2  
  54  4:21  Barracks  
  54  4:22  Barracks  
  54  4:23  Factory Reactor  
  54  4:24  Stimpack  
  53  4:25  SCV x2  
  53  4:28  Marine  
  56  4:37  Engineering Bay  
  56  4:40  Engineering Bay, SCV x2  
  56  4:43  Starport Reactor  
  58  4:52  SCV x2  
  60  4:54  Marine  
  60  4:55  Refinery  
  60  4:56  Refinery  
  61  5:07  Factory Tech Lab  
  61  5:08  SCV  
  61  5:13  Supply Depot  
  62  5:15  Terran Infantry Armor Level 1, Terran Infantry Weapons Level 1  
  62  5:22  Marine x5, SCV, Supply Depot  
  62  5:24  Medivac x2  
  72  5:31  SCV  
  72  5:34  Siege Tank, SCV  
  74  5:40  Marine  
  74  5:42  Marine x4  
  79  5:44  SCV  
  79  5:47  SCV  
  81  5:54  Medivac x2  
  81  5:56  SCV, Supply Depot  
  86  5:58  Marine  
  86  5:59  Orbital Command, SCV  
  86  6:00  Supply Depot  
  88  6:07  Widow Mine  
  88  6:11  Barracks  
  90  6:12  Barracks  
  90  6:16  SCV  
  90  6:17  SCV  
  92  6:19  Marine  
  92  6:20  Marine  
  92  6:21  Marine x2  
  92  6:22  Marine  
  92  6:24  Combat Shield  
  97  6:28  SCV  
  97  6:29  Armory, SCV  
  101  6:40  Marauder  
  101  6:43  Medivac x2  
  106  6:49  Siege Tank  
  106  6:51  Marine  
  106  6:53  Marine x3  
  107  6:55  SCV x2  
  109  7:01  SCV  
  109  7:05  Barracks Tech Lab, Barracks Reactor, Supply Depot  
  109  7:06  Marauder  
  111  7:08  Marine  
  111  7:10  Marine  
  111  7:11  Marine x2  
  112  7:18  Supply Depot  
  112  7:19  Supply Depot  
  104  7:26  Marine  
  104  7:27  Marauder  
  104  7:28  Marine  
  109  7:34  Marine x2  
  109  7:35  Marine  
  103  7:43  Marine x2  
  87  7:44  Marine  
  87  7:46  Marine  
  87  7:49  Marauder  
  83  7:53  Marauder  
  83  7:58  Orbital Command  
  78  8:12  SCV x2  
  80  8:22  Marine  
  80  8:24  SCV x2  
  83  8:29  SCV  
  84  8:36  Marauder x2, SCV  
  89  8:41  SCV  
  89  8:43  SCV  
  89  8:48  SCV  
  90  8:50  Marine  
  90  8:52  Marine  
  90  8:58  Marauder  
  86  9:03  SCV x2  
  86  9:08  Marauder  
  75  9:18  Marine x2  
  75  9:19  Marauder, Marine x2  
  61  9:25  SCV x2  
  61  9:27  Concussive Shells  
  61  9:29  Marauder  
  65  9:36  Marine  
  66  9:40  Marauder  
  66  9:46  Marine x3  
  66  9:50  Marauder  
  51  9:53  Marine x2  
  44  10:06  Marine x2  
Show
View Real Time Build Order
Export as new Build Order

Scarlett Zerg - Winner!

Build Orders: Hatch First 

Get SALT Encoding   

  12  0:00  Drone  
  13  0:12  Overlord  
  13  0:17  Drone  
  14  0:30  Drone x2  
  16  0:47  Hatchery  
  15  0:50  Drone  
  15  0:54  Drone  
  17  0:58  Drone  
  18  1:09  Extractor  
  17  1:13  Spawning Pool  
  16  1:19  Drone x2  
  18  1:28  Drone  
  19  1:38  Drone  
  20  1:50  Drone  
  21  1:59  Queen  
  21  2:00  Queen  
  21  2:01  Zergling x4  
  27  2:15  Hatchery  
  27  2:18  Overlord  
  27  2:22  Drone  
  27  2:25  Drone  
  28  2:37  Metabolic Boost  
  28  2:38  Drone x3  
  31  2:45  Overlord  
  31  2:46  Drone  
  32  2:53  Queen  
  34  2:58  Drone  
  34  2:59  Drone  
  34  3:04  Drone x2  
  38  3:08  Drone x2  
  38  3:09  Drone  
  41  3:14  Drone  
  41  3:19  Queen  
  44  3:21  Overlord  
  44  3:27  Drone  
  44  3:29  Zergling x2  
  44  3:30  Zergling x2  
  44  3:32  Queen  
  49  3:37  Drone  
  49  3:41  Zergling x4  
  52  3:43  Drone x2  
  54  3:49  Overlord  
  54  3:50  Queen  
  54  3:54  Overlord, Drone  
  56  4:05  Drone  
  56  4:06  Overlord x2  
  56  4:08  Drone x3  
  60  4:16  Zergling x6  
  63  4:21  Queen  
  65  4:24  Lair  
  65  4:27  Drone  
  65  4:28  Spore Crawler  
  65  4:35  Drone x7  
  65  4:38  Spore Crawler  
  71  4:43  Roach Warren  
  71  4:45  Evolution Chamber  
  69  4:48  Drone  
  69  4:49  Drone x3  
  73  4:59  Drone x7  
  80  5:02  Extractor  
  79  5:10  Drone x5  
  79  5:11  Zerg Ground Armor Level 1  
  84  5:17  Extractor, Overlord x2  
  84  5:18  Extractor  
  82  5:25  Zergling x2  
  82  5:33  Glial Reconstitution  
  82  5:38  Overlord x2  
  82  5:39  Queen  
  82  5:41  Roach x4  
  92  5:48  Overseer  
  92  5:54  Extractor, Drone x3  
  92  5:56  Roach x4  
  102  6:00  Overlord x2  
  102  6:05  Overlord  
  102  6:06  Roach x4  
  110  6:12  Overlord  
  110  6:13  Overlord  
  110  6:16  Roach  
  110  6:17  Roach x2  
  116  6:23  Overlord x2  
  116  6:26  Nydus Network  
  115  6:36  Roach x6  
  122  6:49  Roach x7  
  136  6:58  Roach x5  
  145  7:05  Nydus Canal  
  145  7:06  Queen  
  145  7:07  Overlord  
  145  7:10  Zerg Missile Weapons Level 1  
  145  7:18  Roach x4  
  145  7:19  Roach  
  153  7:24  Roach x3  
  149  7:32  Nydus Canal  
  147  7:37  Roach x5  
  139  7:46  Roach x2, Nydus Canal  
  139  7:47  Roach  
  117  7:53  Roach x3  
  117  7:58  Drone x9  
  108  8:02  Extractor  
  109  8:07  Drone x2  
  109  8:08  Evolution Chamber  
  109  8:10  Hatchery  
  109  8:23  Roach x5  
  109  8:25  Ravager x4  
  123  8:29  Roach  
  123  8:30  Roach x3  
  131  8:36  Zergling x14  
  138  8:43  Roach x3  
  141  8:50  Roach  
  141  8:55  Roach x2  
  147  8:58  Roach x6  
  152  9:04  Roach x4  
  152  9:09  Roach  
  158  9:10  Roach  
  158  9:11  Queen  
  150  9:19  Hatchery  
  141  9:25  Nydus Canal  
  141  9:26  Roach x5  
  141  9:30  Roach  
  145  9:45  Hatchery  
  141  9:47  Roach  
  141  9:48  Roach x3  
  139  9:55  Nydus Canal  
  139  9:56  Roach x4  
  137  10:05  Roach x3  
  131  10:14  Nydus Canal  
  131  10:15  Roach x5  
  141  10:33  Nydus Canal  

Tags
 
Add a new tag
Caveats
  • Supply blocks, unpowered buildings, or Contaminate may cause inaccurate times.
  • Supply counts are checked every 10 seconds.